[Event "*** Titled Tuesday Blitz"]
[Site "Chess.com"]
[Date "2020.03.03"]
[Round "8"]
[White "vladimirdamjanovic"]
[Black "Turkey-Champion"]
[Result "1-0"]
[WhiteElo "2643"]
[BlackElo "2502"]
[TimeControl "180+1"]
[EndTime "10:29:47 PST"]
[Termination "vladimirdamjanovic won by checkmate"]

1. e4 c5 2. Nf3 e6 3. d4 cxd4 4. Nxd4 Nf6 5. Nc3 Nc6 6. Nxc6 bxc6 7. e5 Nd5 8. Nxd5 cxd5 9. Bd3 Qc7 10. Bf4 d6 11.
Qe2 Rb8 12. O-O dxe5 13. Bxe5 Bd6 14. Bxd6 Qxd6 15. c4 d4 16. c5 Qxc5 17. Rac1 Qd6 18. Qh5 Bd7 19. Rc2 h6 20. Qa5 O-O 21. Qxa7 Ra8 22. Qc7 Qd5 23. Rfc1 Ba4 24. b3 Bb5 25. Rc5 Bxd3 26. Rxd5 exd5 27. a4 Be2 28. Qe5 d3 29.
Qd4 Rac8 30. Rxc8 Rxc8 31. f3 Rc2 32. Kf2 Bd1+ 33. Ke3 Be2 34. a5 Ra2 35. b4 Bf1 36.
Qxd5 Re2+ 37. Kxd3 Re5+ 38. Kd4 Rxd5+ 39. Kxd5 Kf8 40.
Kc6 Ke8 41. b5 Kd8 42. a6 Kc8 43. a7 Bxb5+ 44. Kb6 Bc6 45. Kxc6 Kd8 46. a8=Q+ Ke7 47.
Qb7+ Kf6 48. Qd7 Kg6 49. Qe7 f6 50. Qe8+ Kg5 51. g3 f5 52. h4+ Kf6 53. Kd6 f4 54. g4 h5 55. Qe6# 1-0

[Event "*** Titled Tuesday Blitz"]
[Site "Chess.com"]
[Date "2020.03.03"]
[Round "8"]
[White "annacramling"]
[Black "DonPreuss"]
[Result "1-0"]
[WhiteElo "1935"]
[BlackElo "2165"]
[TimeControl "180+1"]
[EndTime "10:29:47 PST"]
[Termination "annacramling won by checkmate"]

1. d4 Nc6 2. Nf3 d6 3. d5 Ne5 4.
Nxe5 dxe5 5. e4 g6 6. c4 e6 7. Nc3 exd5 8. cxd5 Bg7 9. Be3 Ne7 10.
Be2 O-O 11. O-O f5 12. Bg5 h6 13. Bxe7 Qxe7 14. Bc4 Kh8 15. Rc1 f4 16. Be2 Bd7 17.
Bg4 Bxg4 18. Qxg4 f3 19. Qxg6 Qh4 20. Qg3 Qh5 21. Qh3 Qg5 22. Qg3 Qe7 23. gxf3 Rf4 24. Ne2 Rf6 25. Kh1 Raf8 26. Rc3 Qf7 27. Rg1 Rxf3 28.
Rxf3 Qxf3+ 29. Qxf3 Rxf3 30. Kg2 Rd3 31. Rc1 c6 32.
Ng3 cxd5 33. exd5 Rxd5 34. Rc8+ Kh7 35. Rc7 Kg6 36. Rxb7 a5 37. Rb6+ Kf7 38. Nf5 Bf6 39. Nxh6+ Kg6 40. Ng4 Kg5 41. Nxf6 Rd2 42. Ne4+ Kg4 43.
Nxd2 a4 44. Rb4+ e4 45. Rxa4 Kf5 46. Kg3 Ke5 47. Nf1 Kd5 48. Ne3+ Ke5 49. h4 Kf6 50. h5 Kg5 51. Ra5+ Kh6 52. Kg4 Kg7 53. Nf5+ Kh7 54. Kg5 Kg8 55. Ra7 e3 56. fxe3 Kh8 57. Kg6 Kg8 58. Ra8# 1-0

[Event "*** Titled Tuesday Blitz"]
[Site "Chess.com"]
[Date "2020.03.03"]
[Round "8"]
[White "ZWISCHENZUGGED"]
[Black "BeanScreen"]
[Result "1/2-1/2"]
[WhiteElo "2549"]
[BlackElo "2640"]
[TimeControl "180+1"]
[EndTime "10:29:48 PST"]
[Termination "Game drawn by agreement"]

1. d4 d5 2. c4 dxc4 3. Nf3 a6 4.
e3 Nf6 5. Bxc4 e6 6. O-O c5 7. Nc3 b5 8. Be2 Bb7 9. dxc5 Bxc5 10. Qxd8+ Kxd8 11. Nd2 Nbd7 12. Nb3 Bd6 13. Na5 Rb8 14. Nxb7+ Rxb7 15. Rd1 Ke7 16. Bd2 Rc7 17. a3 Rhc8 18.
Kf1 Nc5 19. Be1 Nfd7 20. h4 Nb6 21. Rab1 Nba4 22. Nxa4 Nxa4 23. Bd3 f5 24. Ba5 Rc6 25. Ke2 Nb6 26. Bxb6 Rxb6 27. Rdc1 Rbc6 28. Rxc6 Rxc6 29. Kd2 g6 30. Rc1 Kd7 31. Rxc6 Kxc6 32. a4 e5 33. axb5+ axb5 34. b3 e4 35. Be2 Bb4+ 36. Kd1 Be7 37. g3 h5 38. Kd2 Bb4+ 39. Kd1 Bc3 40. Bf1 Kc5 41. Be2 b4 42. Bc4 Bf6 43. Bf7 g5 44. hxg5 Bxg5 45. Bxh5 Kd5 46. Bg6 Ke5 47. Ke2 Be7 48. Bf7 Bc5 49. Bc4 Bb6 50. Kf1 Kf6 51.
Kg2 Kg5 52. Be6 Bc7 53. Bc8 Be5 54. Kf1 Bc3 55. Ke2 Kf6 56. Ba6 Ke5 57. Bc4 Kf6 58. f3 exf3+ 59. Kxf3 Ke5 60. Bd3 Bd2 61. e4 fxe4+ 62.
Bxe4 1/2-1/2

[Event "*** Titled Tuesday Blitz"]
[Site "Chess.com"]
[Date "2020.03.03"]
[Round "8"]
[White "VitaliyBernadskiy"]
[Black "csati17"]
[Result "0-1"]
[WhiteElo "2780"]
[BlackElo "2615"]
[TimeControl "180+1"]
[EndTime "10:29:51 PST"]
[Termination "csati17 won by resignation"]

1. d4 Nf6 2. c4 e6 3. Nf3 Bb4+ 4. Bd2 Qe7 5. g3 O-O 6. Bg2 Bxd2+ 7. Qxd2 Nc6 8. O-O e5 9. d5 Nb8 10. Nc3 d6 11. Ne1 a5 12. Nd3 Na6 13. Rae1 Nd7 14.
f4 Nac5 15. Bh3 e4 16. Nc1 e3 17. Qd4 Nf6 18. f5 Re8 19. Nd3 b6 20. Bg2 Ba6 21.
g4 Nfe4 22. Nxe4 Nxe4 23. Bxe4 Qxe4 24. Rf4 Qxd4 25. Rxd4 b5 26. c5 b4 27. c6 Rab8 28.
Nf4 Rb5 29. Kg2 Rc5 30. Kf3 Rc2 31. Rb1 g5 32. Nd3 f6 33. a3 b3 34. a4 Rc4 35.
Rxc4 Bxc4 36. Rc1 Bxd5+ 37. Kg3 Re4 38. h4 h6 39. hxg5 hxg5 40. Kf3 Rxa4+ 41. Kxe3 Rxg4 42.
Kd2 a4 43. Nf2 Rc4 44. Ra1 Rxc6 45. Rxa4 Rc2+ 46. Ke3 Rxb2 47. Ng4 Kf7 48. Rd4 c6 49. Rb4 c5 50. Rb6 Ra2 51. Nf2 b2 52. Nd3 Ra3 53.
Rxb2 c4 54. Kd4 cxd3 55. Kxd5 dxe2 56. Rxe2 Ra5+ 57. Kxd6 Rxf5 0-1

[Event "*** Titled Tuesday Blitz"]
[Site "Chess.com"]
[Date "2020.03.03"]
[Round "8"]
[White "kingofthenil"]
[Black "Region_07"]
[Result "1-0"]
[WhiteElo "2565"]
[BlackElo "2397"]
[TimeControl "180+1"]
[EndTime "10:29:51 PST"]
[Termination "kingofthenil won on time"]

1. e4 c6 2. c4 d5 3. cxd5 cxd5 4.
exd5 Nf6 5. Nc3 g6 6. Nf3 Bg7 7. Bc4 O-O 8. O-O Nbd7 9. d3 Nb6 10. Qb3 Bf5 11. Re1 Rc8 12. Bg5 h6 13. Bh4 g5 14. Bg3 Ne8 15. Ne4 Nd6 16. Nxd6 exd6 17. a4 Qc7 18. h4 g4 19. Nd2 Nd7 20. Ne4 Bxe4 21. dxe4 Qxc4 22. Qxb7 Rc7 23. Qb5 Qxb5 24. axb5 Ne5 25. Ra6 Rd8 26. Rea1 Rdd7 27. b6 axb6 28.
Rxb6 Rc2 29. Raa6 Nc4 30. Rc6 Rc1+ 31. Kh2 Re7 32. b3 Rxe4 33. Rxc4 Rexc4 34. bxc4 Rxc4 35. Rxd6 Rc1 36. h5 f5 37. Rd7 Rc3 38. Bf4 Rc4 39.
Kg3 Rc3+ 40. Kh2 Rc2 41. Bg3 Rc4 42. Rd8+ Kf7 43. Bd6 Rd4 44. Rd7+ Kg8 45. Bc5 Rd3 46. d6 f4 47. f3 1-0

[Event "*** Titled Tuesday Blitz"]
[Site "Chess.com"]
[Date "2020.03.03"]
[Round "8"]
[White "Alexander_Zubov"]
[Black "MarcoRiehle"]
[Result "1-0"]
[WhiteElo "2910"]
[BlackElo "2744"]
[TimeControl "180+1"]
[EndTime "10:29:52 PST"]
[Termination "Alexander_Zubov won by resignation"]

1. d4 d5 2. c4 e6 3. Nf3 Nf6 4. Nc3 dxc4 5. e4 Bb4 6. Bxc4 Nxe4 7. O-O Nxc3 8. bxc3 Be7 9. Ne5 Nc6 10. Qg4 Bf6 11. Bf4 O-O 12. Rad1 Qe7 13. Rd3 g6 14. Re1 Nxe5 15.
dxe5 Bg7 16. h4 Qc5 17. Bb3 b6 18. h5 Bb7 19. Rh3 Rfd8 20. hxg6 hxg6 21. Qh4 Qc6 22.
f3 Qxc3 23. Kh1 Rd4 24. Rg1 Kf8 25. Qg5 Rad8 26. Rc1 Qb4 27. Rxc7 R4d7 28. Rxb7 Qe1+ 29. Kh2 a5 30. Rxd7 Rxd7 31. Rh7 Kg8 32. Rxg7+ Kxg7 33. Qf6+ Kg8 34. Bg5 Qc3 35. Bxe6 fxe6 36. Qxg6+ Rg7 37. Qxe6+ Kh7 38. Bf6 Rg6 39. Qf7+ Kh6 40. Qf8+ Kh5 41. Qh8+ Rh6 42. Qg7 Qxe5+ 43. Bxe5 Rg6 44. Qh7+ Kg5 45. f4+ Kf5 46. Qh5+ Ke4 47. Qxg6+ 1-0

[Event "*** Titled Tuesday Blitz"]
[Site "Chess.com"]
[Date "2020.03.03"]
[Round "8"]
[White "tbalabayev"]
[Black "norwaytoadog"]
[Result "0-1"]
[WhiteElo "2436"]
[BlackElo "2269"]
[TimeControl "180+1"]
[EndTime "10:29:52 PST"]
[Termination "norwaytoadog won on time"]

1. Nf3 Nf6 2. g3 e6 3. Bg2 d5 4. O-O b5 5. d3 Be7 6. Nbd2 O-O 7.
e4 Bb7 8. e5 Nfd7 9. Re1 c5 10.
Nf1 Nc6 11. h4 b4 12. N1h2 a5 13. h5 h6 14. Ng4 Re8 15. Bf4 Kh7 16. Qd2 Bf8 17. c3 Ba6 18. Rad1 bxc3 19. bxc3 Rb8 20. Rb1 Qe7 21. Rb3 c4 22. Rxb8 Rxb8 23. d4 Qa3 24. Qc2+ Kh8 25. Bc1 Qe7 26. Nh4 Nb6 27. f4 Bc8 28.
Rf1 Qe8 29. Ne3 Ne7 30. f5 Qa4 31. Qf2 exf5 32. g4 f4 33. Qxf4 Be6 34. g5 Qe8 35. gxh6 gxh6 36. Nef5 Nxf5 37. Nxf5 Kh7 38. Bh3 Be7 39. Kh2 Bg5 40. Qg4 Qd8 41. Bxg5 Qxg5 42. Qxg5 hxg5 43. Rb1 Nd7 44. Rxb8 Nxb8 45. Ne3 Nc6 46.
Kg3 Kh6 47. Bg4 Kg7 48. Bf3 Ne7 0-1

[Event "*** Titled Tuesday Blitz"]
[Site "Chess.com"]
[Date "2020.03.03"]
[Round "8"]
[White "freshfoodcompany"]
[Black "Kotofeyca"]
[Result "0-1"]
[WhiteElo "2125"]
[BlackElo "2345"]
[TimeControl "180+1"]
[EndTime "10:29:52 PST"]
[Termination "Kotofeyca won on time"]

1. d4 d5 2. c4 c6 3. Nc3 Nf6 4. Nf3 dxc4 5. a4 Bg4 6. Ne5 Bh5 7. Nxc4 e6 8. f3 c5 9. dxc5 Qxd1+ 10. Nxd1 Bxc5 11.
e4 Nc6 12. Be3 Nd7 13. Rc1 Ke7 14. Bxc5+ Nxc5 15. Na5 Nxa4 16. Nxc6+ bxc6 17. Rxc6 Rhc8 18. Bb5 Nc5 19. h4 f6 20. Ke2 Rxc6 21. Bxc6 Rc8 22. Bb5 Nb3 23. Nc3 Nd4+ 24. Ke3 Rxc3+ 25. bxc3 Nxb5 26.
Ra1 e5 27. c4 Nd4 28. Rxa7+ Kf8 29. c5 Be8 30. g4 Ne6 31. Ra5 Ke7 32. Kd3 Bc6 33. Kc4 Kd7 34. Ra7+ Nc7 35. Ra1 Bb5+ 36.
Kb4 Kc6 37. Rd1 Na6+ 38. Ka5 Nxc5 39. Rd5 Be2 40. Rd8 Bxf3 41. Rg8 Ne6 42. g5 fxg5 43. hxg5 Bxe4 44. Re8 Kd7 45. Rh8 Nxg5 46. Rg8 Ne6 47.
Kb4 h5 48. Kc3 h4 49. Rh8 g5 50. Kd2 Kd6 51. Ke2 Bf5 52. Kf2 h3 53. Kg3 g4 54.
Rh5 Nd4 55. Rh6+ Kd5 0-1

[Event "*** Titled Tuesday Blitz"]
[Site "Chess.com"]
[Date "2020.03.03"]
[Round "8"]
[White "TST2014"]
[Black "Rish_97"]
[Result "1-0"]
[WhiteElo "2597"]
[BlackElo "2736"]
[TimeControl "180+1"]
[EndTime "10:29:53 PST"]
[Termination "TST2014 won by checkmate"]

1. d4 Nf6 2. c4 e6 3. Nf3 d5 4.
Nc3 a6 5. cxd5 exd5 6. Bg5 Be6 7. e3 Nbd7 8. Bd3 Bd6 9. Bf4 Qe7 10. O-O O-O 11. h3 c5 12. dxc5 Nxc5 13. Bxd6 Qxd6 14. Rc1 Rac8 15. Bb1 Rfd8 16. Qd4 Qe7 17. Rfd1 h6 18. Qf4 Nce4 19. Nxe4 dxe4 20. Bxe4 Rxd1+ 21. Rxd1 Bxa2 22.
Bf5 Rd8 23. Nd4 g6 24. Bc2 h5 25. b3 Nd5 26. Qg3 Nb4 27. Bxg6 h4 28. Qg4 fxg6 29. Qxg6+ Kh8 30. Rd2 Rg8 31. Qh5+ Qh7 32. Qc5 Nd3 33. Rxd3 Qxd3 34. Qe5+ Kh7 35. Qh5+ Kg7 36. Qe5+ Kf7 37. Qd5+ Kf6 38. Qe6+ Kg7 39. Nf5+ Qxf5 40. Qxf5 Bxb3 41. Qd7+ Bf7 42. Qxb7 a5 43. Qa6 Kh8 44. Qh6# 1-0

[Event "*** Titled Tuesday Blitz"]
[Site "Chess.com"]
[Date "2020.03.03"]
[Round "8"]
[White "Alexander_Moskalenko"]
[Black "Indianlad"]
[Result "1-0"]
[WhiteElo "2850"]
[BlackElo "2939"]
[TimeControl "180+1"]
[EndTime "10:29:54 PST"]
[Termination "Alexander_Moskalenko won by resignation"]

1. e4 e5 2. Nf3 Nc6 3. Nc3 Nf6 4. d4 Bb4 5. Nxe5 O-O 6. Bd3 Nxd4 7. O-O Nc6 8. Nxc6 dxc6 9. Qf3 Ng4 10. Qg3 Bd6 11.
Bf4 Qf6 12. Bxd6 cxd6 13. f4 Qd4+ 14. Kh1 f5 15. Rae1 fxe4 16. Rxe4 Qf6 17. h3 Nh6 18. Ree1 d5 19. Qg5 Bf5 20. Qxf6 gxf6 21. g4 Bxd3 22. cxd3 Rae8 23. Kg2 Nf7 24. Kf3 Nd6 25. h4 h5 26.
gxh5 Nf5 27. Nd1 Kh7 28. Ne3 Nd4+ 29. Kf2 Ne6 30. Kf3 Ng7 31. Rg1 Nxh5 32. Nf5 a5 33.
Nd6 Rxe1 34. Rxe1 Rg8 35. Re7+ Kh6 36. Nf5+ Kg6 37. Kg4 b5 38. d4 b4 39. b3 Ra8 40.
Rd7 a4 41. Ne7+ Kh6 42. Nf5+ Kg6 43. Ne7+ Kh6 44. Nxc6 axb3 45. axb3 Ra3 46. Nxb4 Rxb3 47. Nxd5 Kg6 48. Ne7+ Kh6 49. Nf5+ Kg6 50. Rd8 Rb1 51. Rg8+ Kh7 52. Ra8 Kg6 53. Ne7+ Kf7 54. Kxh5 Kxe7 55. Kg6 Rg1+ 56. Kf5 Rd1 57. Ra7+ Kf8 58. Kxf6 Rxd4 59. Ra8+ 1-0

[Event "*** Titled Tuesday Blitz"]
[Site "Chess.com"]
[Date "2020.03.03"]
[Round "8"]
[White "Abund"]
[Black "suyu28"]
[Result "1-0"]
[WhiteElo "2706"]
[BlackElo "2567"]
[TimeControl "180+1"]
[EndTime "10:29:55 PST"]
[Termination "Abund won by resignation"]

1. Nf3 Nf6 2. c4 e6 3. Nc3 d5 4.
d4 dxc4 5. e3 a6 6. a4 c5 7.
Bxc4 Nc6 8. O-O Be7 9. d5 exd5 10.
Nxd5 Nxd5 11. Bxd5 O-O 12. Bxc6 bxc6 13. Bd2 Bf5 14. Bc3 Bd3 15. Re1 c4 16. Ne5 Qd5 17. Qg4 f6 18. e4 Qd6 19. Nf3 Rad8 20. Nd4 Qd7 21. Qe6+ Kh8 22. Qxc6 Qc8 23. h3 Bc5 24.
Qxc8 Rxc8 25. Ne6 Rfe8 26. Nxc5 Rxc5 27. f3 Rb8 28. a5 Kg8 29. Re3 Kf7 30. Rae1 Rcb5 31.
e5 fxe5 32. Rxe5 Rxe5 33. Rxe5 Re8 34. Rc5 Re6 35. Rc7+ Re7 36. Rxe7+ Kxe7 37. Bxg7 Kf7 38. Bc3 Kg6 39. Kf2 h5 40. g4 Bc2 41. Kg3 Bd1 42. f4 hxg4 43. hxg4 Be2 44. f5+ Kg5 45. Bd2+ Kf6 46.
Kf4 Bd3 47. Bc3+ Kf7 48. g5 Be2 49. g6+ Ke7 50. Kg5 Bd3 51. f6+ Kf8 52. Bb4+ 1-0

[Event "*** Titled Tuesday Blitz"]
[Site "Chess.com"]
[Date "2020.03.03"]
[Round "8"]
[White "Misha_Bilous"]
[Black "Atakishiyev04"]
[Result "0-1"]
[WhiteElo "2497"]
[BlackElo "2700"]
[TimeControl "180+1"]
[EndTime "10:29:57 PST"]
[Termination "Atakishiyev04 won on time"]

1. d4 Nf6 2. c4 g6 3. Nc3 d5 4. cxd5 Nxd5 5. e4 Nxc3 6. bxc3 Bg7 7. Nf3 c5 8. Be3 O-O 9. Qd2 Qa5 10. Rc1 Rd8 11. d5 e6 12. Bg5 f6 13. Be3 Nc6 14. h4 exd5 15. exd5 Bg4 16. Be2 c4 17. Bxc4 Bxf3 18.
gxf3 Ne5 19. Be2 Rxd5 20. Qc2 Rc8 21. h5 f5 22. Kf1 Nc4 23. hxg6 hxg6 24. Qb3 Qb5 25.
Qxb5 Rxb5 26. Rh4 Nxe3+ 27. fxe3 Rbc5 28. Rb4 b6 29. c4 Ra5 30. a4 Bf8 31. Rb5 Rxa4 32.
e4 fxe4 33. fxe4 Bc5 34. Rb3 Ra2 35. Rf3 Rf8 36. Rxf8+ Kxf8 37. Rd1 Ke7 38. Bg4 Rf2+ 39. Ke1 Rf4 40. Rd7+ Ke8 41. Bh3 Rxe4+ 42. Kd2 a5 43. Rb7 Rxc4 44. Bd7+ Kd8 45. Bb5 Rd4+ 46. Kc3 Rd6 0-1

[Event "*** Titled Tuesday Blitz"]
[Site "Chess.com"]
[Date "2020.03.03"]
[Round "8"]
[White "davserr65"]
[Black "czasnaszachy"]
[Result "1-0"]
[WhiteElo "2060"]
[BlackElo "2260"]
[TimeControl "180+1"]
[EndTime "10:29:58 PST"]
[Termination "davserr65 won by checkmate"]

1. Nf3 Nf6 2. c4 g6 3. b3 Bg7 4. Bb2 O-O 5. g3 d6 6. d4 Nfd7 7. Bg2 c5 8. O-O Nc6 9. Qd2 cxd4 10. Nxd4 Nxd4 11. Bxd4 Nf6 12. Bb2 Qc7 13. Nc3 Bd7 14. e4 Bc6 15. Rac1 Rfd8 16. Nd5 Bxd5 17. exd5 Qd7 18.
Rfe1 h5 19. Re2 Kh7 20. Rce1 Re8 21. h3 a5 22. a4 Bh6 23. Qd4 Bg7 24. Qf4 Ra6 25.
Bd4 Raa8 26. Qd2 Rac8 27. Qb2 Qf5 28. Qc2 Qxc2 29. Rxc2 Rc7 30. Rce2 g5 31. Bb6 Rd7 32. Bxa5 Kg6 33. Bc3 Bh6 34. Bxf6 Kxf6 35. Bf3 Kg6 36. Be4+ Kg7 37. Bf5 Rc7 38. Kg2 Kg8 39. g4 h4 40.
Kf3 Bg7 41. Ra2 Be5 42. Rae2 Kg7 43. Bd3 Ra8 44. Rxe5 dxe5 45. Rxe5 f6 46. Re6 Kf7 47. Bf5 Ra6 48. Re3 Rb6 49. Be6+ Kg7 50. Ke2 Rc5 51. Kd2 Kf8 52. Kc3 Rc7 53. b4 Ra6 54. a5 Ra8 55. Kb3 Ra6 56. Re4 b6 57. axb6 Rxb6 58. b5 Rc5 59.
Kb4 Rc7 60. c5 Rb8 61. b6 Rcb7 62. Kb5 Ke8 63. Ra4 Kd8 64. Bf5 Ke8 65. Be4 Kd8 66. d6 exd6 67. Bxb7 Rxb7 68. c6 Rb8 69. Ra7 Kc8 70. Rd7 Ra8 71. b7+ Kb8 72. bxa8=Q+ Kxa8 73. Kb6 Kb8 74. Rd8# 1-0

[Event "*** Titled Tuesday Blitz"]
[Site "Chess.com"]
[Date "2020.03.03"]
[Round "8"]
[White "Zq1"]
[Black "MikaelyanArman"]
[Result "1-0"]
[WhiteElo "2563"]
[BlackElo "2636"]
[TimeControl "180+1"]
[EndTime "10:30:00 PST"]
[Termination "Zq1 won on time"]

1. d4 Nf6 2. c4 g6 3. Nc3 Bg7 4. e4 O-O 5. Nf3 d6 6. Be2 c5 7.
O-O cxd4 8. Nxd4 Nc6 9. Be3 Bd7 10. Qd2 Nxd4 11. Bxd4 Bc6 12. f3 a5 13. b3 Nd7 14. Bxg7 Kxg7 15. f4 Nc5 16. Kh1 f6 17.
Bf3 e5 18. Rad1 Ne6 19. f5 Nd4 20. Ne2 Nxf3 21. gxf3 gxf5 22. Ng3 fxe4 23. fxe4 f5 24. Qxd6 Qxd6 25. Rxd6 f4 26. Nh5+ Kh8 27. Kg1 Bxe4 28. Re1 Rg8+ 29. Kf1 Bg2+ 30. Kf2 Bc6 31. Rxe5 Rg2+ 32.
Kf1 Rag8 33. Nxf4 Rxa2 34. Rh6 Rf8 35. Rh4 Rd8 36. Ke1 a4 37. Re7 Be4 38. Rxe4 axb3 39. Re7 Ra1+ 40. Ke2 Ra2+ 41. Ke3 Kg8 42. Rhxh7 Rd6 43.
Reg7+ Kf8 44. Ng6+ Rxg6 45. Rxg6 b2 46. Rb6 Ra3+ 47.
Kd4 Ra6 48. Rbxb7 Rd6+ 49. Ke5 1-0

[Event "*** Titled Tuesday Blitz"]
[Site "Chess.com"]
[Date "2020.03.03"]
[Round "8"]
[White "GM_dmitrij"]
[Black "moro182"]
[Result "1-0"]
[WhiteElo "2817"]
[BlackElo "2679"]
[TimeControl "180+1"]
[EndTime "10:30:07 PST"]
[Termination "GM_dmitrij won by resignation"]

1. e4 e5 2. Nf3 Nc6 3. Bc4 Bc5 4. c3 Nf6 5. d3 d6 6. Nbd2 O-O 7. O-O a6 8. Bb3 Ba7 9. h3 Ne7 10. Re1 Ng6 11. Nf1 Nh5 12. Bg5 Qe8 13. Nxe5 Qxe5 14. Qxh5 Nf4 15. d4 Nxh5 16. dxe5 dxe5 17. Rad1 h6 18. Be3 Bxe3 19. Nxe3 Nf4 20. h4 Be6 21. Nc4 Bxc4 22. Bxc4 Rfd8 23. g3 Ng6 24. Kf1 Kf8 25. Ke2 Ke7 26. a4 Nf8 27. a5 Nd7 28. b4 Nf6 29. f3 Ne8 30. Ke3 Nd6 31. Bd3 g6 32. f4 f6 33. Rf1 Nf7 34. Bc4 Rxd1 35. Rxd1 Nd6 36. Bd5 c6 37. Bb3 Nb5 38. Rc1 Rd8 39. Bc4 Nd6 40. Bd3 Nf7 41. Rf1 g5 42. Bc4 Nd6 43.
Be2 gxf4+ 44. gxf4 exf4+ 45. Rxf4 Rg8 46. Rg4 Rxg4 47.
Bxg4 Nb5 48. Kd3 Kd6 49. c4 Nc7 50. c5+ Ke5 51. Bc8 f5 52. Bxf5 Ne8 53. Bc8 Nf6 54. Bxb7 Nxe4 55. Bxc6 1-0

[Event "*** Titled Tuesday Blitz"]
[Site "Chess.com"]
[Date "2020.03.03"]
[Round "8"]
[White "FelixJoseYnojosa"]
[Black "obliviate12"]
[Result "1-0"]
[WhiteElo "2707"]
[BlackElo "2841"]
[TimeControl "180+1"]
[EndTime "10:30:11 PST"]
[Termination "FelixJoseYnojosa won by resignation"]

1. e4 c5 2. c3 Nf6 3. e5 Nd5 4. d4 cxd4 5. cxd4 d6 6. Nf3 Nc6 7. Bc4 Nb6 8. Bb5 Bd7 9. Nc3 dxe5 10. dxe5 a6 11. Bd3 Bg4 12. Bf4 g6 13. Be4 Bg7 14. Bxc6+ bxc6 15. b3 Nd7 16. O-O O-O 17.
Re1 Qa5 18. Qd4 Bxf3 19. gxf3 Rad8 20. Qe3 Nc5 21. Red1 Ne6 22. Bg3 Bh6 23. Qxh6 Qxc3 24. Qe3 Qc2 25. Rxd8 Rxd8 26. Rc1 Qxa2 27. Rxc6 Qb1+ 28.
Kg2 Kg7 29. Bf4 Rd3 30. Bh6+ Kg8 31. Rc8+ Rd8 32. Rxd8+ Nxd8 33. Qb6 Qd3 34. Bg5 Qd7 35. Qxa6 Kg7 36. Be3 h6 37. Qc4 Nc6 38. Qc3 Kh7 39. b4 Qd5 40. Bf4 g5 41. Bg3 Kg6 42. Qc5 Qxc5 43.
bxc5 e6 44. f4 Kf5 45. fxg5 hxg5 46. Kf3 Nxe5+ 47. Bxe5 Kxe5 48. Kg4 f6 49. Kh5 Kd5 50. Kg6 f5 51. Kxg5 Kxc5 52. h4 Kd6 53. Kf6 f4 54. h5 e5 55. h6 e4 56. h7 e3 57. fxe3 fxe3 58. h8=Q e2 59. Qd8+ Kc5 60. Qe7+ 1-0

[Event "*** Titled Tuesday Blitz"]
[Site "Chess.com"]
[Date "2020.03.03"]
[Round "8"]
[White "saisree"]
[Black "GM-2023"]
[Result "0-1"]
[WhiteElo "2273"]
[BlackElo "2071"]
[TimeControl "180+1"]
[EndTime "10:30:14 PST"]
[Termination "GM-2023 won by resignation"]

1. e4 e5 2. Nf3 Nc6 3. Bc4 Nf6 4. d3 Bc5 5. c3 O-O 6. O-O d5 7. exd5 Nxd5 8. Re1 f6 9. d4 exd4 10. cxd4 Bb4 11.
Nc3 Bxc3 12. bxc3 Kh8 13. Qb3 Na5 14. Qa4 Nxc4 15. Qxc4 Bg4 16. Nd2 c6 17. Ba3 Re8 18. f3 Bf5 19. Ne4 Nf4 20. Nd6 Rxe1+ 21. Rxe1 Bg6 22.
Nxb7 Qb6 23. Nd6 Qc7 24. Bc5 Nd5 25. Re2 h6 26. Rb2 Qd7 27. Kf2 Qe6 28. Re2 Qd7 29.
Ne4 Nf4 30. Re1 Qf5 31. g3 Nd5 32. Re2 Qh3 33. Kg1 Kh7 34. Nf2 Qd7 35. Kg2 Rb8 36.
Ne4 Rb1 37. Nd2 Rc1 38. Ne4 Rc2 39. Rxc2 Ne3+ 40. Kf2 Nxc4 41. Ke2 Nb6 42. Kd3 Nd5 43. c4 Nb6 44. Re2 Nc8 45. a4 Nb6 46. Kc3 Qe6 47. Kb4 Qxc4+ 48. Ka3 Qxe2 49. Bxb6 axb6 50. Nc3 Qd3 51. Kb4 Qxf3 52. a5 bxa5+ 53. Kc4 0-1

[Event "*** Titled Tuesday Blitz"]
[Site "Chess.com"]
[Date "2020.03.03"]
[Round "8"]
[White "TBergh98"]
[Black "burbur555"]
[Result "1/2-1/2"]
[WhiteElo "2350"]
[BlackElo "2585"]
[TimeControl "180+1"]
[EndTime "10:30:15 PST"]
[Termination "Game drawn - timeout vs insufficient material"]

1. d4 d5 2. Nf3 c6 3. Bf4 Qb6 4. Qc1 Bg4 5. Nbd2 Nf6 6. e3 e6 7.
Bd3 Nbd7 8. O-O c5 9. c3 Be7 10. h3 Bh5 11. a3 O-O 12. b4 cxd4 13. cxd4 Rfc8 14. Qb1 Bg6 15. Nb3 Ne4 16. Nc5 Nexc5 17. Bxg6 hxg6 18. bxc5 Qxb1 19. Raxb1 b6 20. cxb6 axb6 21.
Rb3 Rxa3 22. Rfb1 Rxb3 23. Rxb3 f6 24. Rb1 Ba3 25. Nd2 Rc1+ 26. Rxc1 Bxc1 27. Nb3 Ba3 28.
Bc7 Kf7 29. Kf1 Ke7 30. Ke2 Bd6 31. Bxd6+ Kxd6 32. Kd3 Kc6 33. f3 Kb5 34. Nd2 Kb4 35. e4 b5 36. Nb1 Nb6 37. Nc3 Ka5 38. Ne2 g5 39. g3 b4 40. h4 gxh4 41. gxh4 Ka4 42.
Nf4 Ka3 43. Nxe6 b3 44. Nc7 b2 45. Nb5+ Kb3 46. Nc3 Na4 47. Nb1 Nb6 48. h5 Ka2 49.
Kc2 Ka1 50. e5 fxe5 51. dxe5 Nc4 52. e6 Ne3+ 53. Kd3 Nf5 54. Nc3 b1=Q+ 55. Nxb1 Kxb1 56. Kc3 Kc1 57. Kb4 Kd2 58. Kc5 d4 59. e7 Nxe7 60.
Kxd4 Ke2 61. Ke4 Ng8 62. Kf4 Nf6 63. Kg5 Kxf3 64. Kg6 Nxh5 65. Kxh5 1/2-1/2

[Event "*** Titled Tuesday Blitz"]
[Site "Chess.com"]
[Date "2020.03.03"]
[Round "8"]
[White "bangchess21"]
[Black "elohunter1999"]
[Result "1-0"]
[WhiteElo "2589"]
[BlackElo "2434"]
[TimeControl "180+1"]
[EndTime "10:30:20 PST"]
[Termination "bangchess21 won by resignation"]

1. d4 Nf6 2. Bf4 d5 3. e3 c5 4. c3 Nc6 5. Nd2 e6 6. Ngf3 Bd6 7. Bg3 O-O 8. Bd3 b6 9. Qe2 Bb7 10. Rd1 Re8 11. e4 Be7 12. e5 Nh5 13. O-O cxd4 14. cxd4 Nxg3 15. hxg3 Nb4 16. Bb5 Bc6 17. a3 Qd7 18.
Bxc6 Nxc6 19. Rc1 Rac8 20. g4 a5 21. g3 a4 22. Kg2 Na5 23. Qa6 Ra8 24. Qd3 b5 25.
Rh1 g6 26. Rh2 Kg7 27. Qe3 Rh8 28. Qh6+ Kg8 29. Rch1 Bf8 30. Qf4 Nc4 31. Nxc4 bxc4 32. g5 Rb8 33. Rh4 Rxb2 34. Nh2 Bg7 35. Ng4 Rb3 36. Nf6+ Bxf6 37. Qxf6 h5 38. gxh6 Rh7 39. Rf4 Rb8 40. Rg4 Rf8 41. Rh5 c3 42. Rh1 Qc7 43.
Rc1 Qd8 44. Qf3 Rxh6 45. Rxc3 Qe7 46. Rf4 Rh7 47. Rf6 Rg7 48. Qg4 Rh7 49. Rcf3 Kg7 50. Qg5 Qd8 51. Rxf7+ Rxf7 52. Rxf7+ Kxf7 53. Qxd8 Rh5 54. Qf6+ Ke8 55. Qxg6+ 1-0

[Event "*** Titled Tuesday Blitz"]
[Site "Chess.com"]
[Date "2020.03.03"]
[Round "8"]
[White "Orest_Vovk"]
[Black "Lubov_Gordyk"]
[Result "1-0"]
[WhiteElo "2547"]
[BlackElo "2631"]
[TimeControl "180+1"]
[EndTime "10:30:26 PST"]
[Termination "Orest_Vovk won on time"]

1. g4 e5 2. Bg2 Nc6 3. h3 h5 4.
Bxc6 bxc6 5. d4 exd4 6. Qxd4 hxg4 7. hxg4 Rxh1 8. Qe4+ Qe7 9. Qxh1 Qb4+ 10. Nc3 Qxg4 11.
Bd2 Nf6 12. O-O-O Rb8 13. e4 Qh5 14. Qg2 Qg4 15. Qf1 d6 16. f4 Be7 17. Nf3 Nh5 18. Qh1 g6 19. f5 Ng3 20. Qh8+ Kd7 21. Ne5+ dxe5 22. Bg5+ Qxd1+ 23. Kxd1 Bxg5 24. fxg6 fxg6 25. Qxe5 Be7 26. Qxg3 g5 27. e5 Kd8 28. Kc1 Be6 29. Ne4 g4 30. Nf6 Rb5 31. Qd3+ Kc8 32. Qe4 Kb7 33.
a4 Rb4 34. Qe3 Rxa4 35. Kb1 Rb4 36. b3 a5 37. Ne4 Rb5 38. Nc3 Rc5 39. Na4 Rb5 40.
Qf4 Rb4 41. Qe3 Rb5 42. Kb2 Kc8 43. Nc3 Rc5 44. Ne4 Rxe5 45. Qf4 Rd5 46. Nc3 Rd6 47.
Na4 Bd5 48. Qg3 Be6 49. c3 Bd7 50. Kc1 Re6 51. Qg1 1-0

[Event "*** Titled Tuesday Blitz"]
[Site "Chess.com"]
[Date "2020.03.03"]
[Round "8"]
[White "praveenb2002"]
[Black "vaishali2001"]
[Result "1-0"]
[WhiteElo "2619"]
[BlackElo "2457"]
[TimeControl "180+1"]
[EndTime "10:30:27 PST"]
[Termination "praveenb2002 won on time"]

1. d4 Nf6 2. c4 e6 3. g3 d5 4. Nf3 dxc4 5. Bg2 a6 6. O-O Nc6 7.
e3 Rb8 8. Nfd2 e5 9. Bxc6+ bxc6 10. dxe5 Ng4 11. Nxc4 Be6 12. Qxd8+ Rxd8 13. Nbd2 Bb4 14. h3 Bxd2 15. Nxd2 Nxe5 16. Kg2 Nd3 17. Nb3 Bd5+ 18. f3 c5 19. Bd2 c4 20. Na5 Rb8 21. Bc3 f6 22. Rab1 Kf7 23. b3 cxb3 24. axb3 Rb5 25.
Rfd1 Ne5 26. e4 Ba8 27. Bxe5 Rxa5 28. Bc3 Ra2+ 29. Rb2 Rxb2+ 30. Bxb2 Rb8 31. Rd7+ Kg6 32. Rxc7 Rxb3 33. Bc3 h5 34. h4 Ra3 35. Kf2 a5 36.
Bd2 a4 37. Bb4 Rb3 38. Bf8 Rb7 39. Rc8 Ra7 40. Bc5 Ra5 41. Rc7 Rb5 42. Bf8 Rb7 43. Rc8 Ra7 44. Bc5 Ra6 45. Ba3 Ra7 46. Ke3 Rb7 47. Kf4 Rb3 48. Bf8 Bb7 49. Rc7 Kh7 50.
Bxg7 a3 51. Bxf6+ Kg8 52. Kg5 a2 53. Kg6 Rb6 54. Rc1 Rb1 55. Rc7 Rb6 56. Rc1 Rb1 57. Rc2 1-0